3R
WATFORD CITY TRASH PANDAS @ GREENPORT HARBOR WHALES
06/26/2042
 
TOP OF THE 1ST
Watford City Trash Pandas batting - Pitching for Greenport Harbor Whales : LHP Ed Emery
Pitching: LHP Ed Emery
Batting: LHB Ed Cotton 0-0: Called Strike
0-1: Ball
1-1: Called Strike
1-2: Ground out 6-3 (Groundball, 56, EV 90.0 MPH)
Batting: LHB Manuel Alea 0-0: Called Strike
0-1: Ball
1-1: Ground out 1-3 (Groundball, 13, EV 71.9 MPH)
Batting: RHB Sung-jae Nam 0-0: Ball
1-0: SINGLE (Groundball, 4MD, EV 106.2 MPH)
Batting: RHB Yasuhiko Goto 0-0: Swinging Strike
0-1: Ball
1-1: Ball
2-1: Ball
3-1: Foul Ball, location: 2F
3-2: Foul Ball, location: 2F
3-2: Fly out, F8 (Flyball, 8RXD, EV 87.5 MPH)
Top of the 1st over - 0 runs, 1 hit, 0 errors, 1 left on base; Watford City 0 - Greenport 0
BOTTOM OF THE 1ST
Greenport Harbor Whales batting - Pitching for Watford City Trash Pandas : RHP Juan González
Pitching: RHP Juan González
Batting: RHB Alex Thompson 0-0: Called Strike
0-1: Foul Ball, location: 2F
0-2: Strikes out swinging
Batting: LHB Albert Hanson 0-0: Ball
1-0: Fly out, F8 (Flyball, 8LS, EV 95.0 MPH)
Batting: LHB Rafael Rea 0-0: Ball
1-0: Called Strike
1-1: Foul Ball, location: 2F
1-2: Strikes out swinging
Bottom of the 1st over - 0 runs, 0 hits, 0 errors, 0 left on base; Watford City 0 - Greenport 0
TOP OF THE 2ND
Watford City Trash Pandas batting - Pitching for Greenport Harbor Whales : LHP Ed Emery
Batting: RHB Zier Weeteling 0-0: Called Strike
0-1: Called Strike
0-2: Ball
1-2: Ball
2-2: Ball
3-2: SINGLE (Line Drive, 6MD, EV 106.2 MPH)
Batting: LHB Don Hartman 0-0: Ball
1-0: Foul Ball, location: 2F
1-1: SINGLE (Line Drive, 8LS, EV 89.4 MPH)
Zier Weeteling to second
Batting: SHB Danny Adams 0-0: Ball
1-0: Ball
2-0: Called Strike
2-1: Swinging Strike
2-2: Foul Ball, location: 2F
2-2: Ball
3-2: SINGLE (Groundball, 6D, EV 100.0 MPH)
Zier Weeteling to third
Don Hartman to second
Batting: LHB Francisco Gallardo 0-0: Ball
1-0: Foul Ball, location: 2F
1-1: Ball
2-1: Foul Ball, location: 2F
2-2: Fly out, F8 (Flyball, 8LS, EV 86.9 MPH)
Batting: RHB José Negrete 0-0: Called Strike
0-1: Ball
1-1: Ball
2-1: Called Strike
2-2: Fly out, F8 (Line Drive, 8LD, EV 85.6 MPH)
Runner from 3rd tags up, SCORES, throw by CF
Batting: LHB Ed Cotton 0-0: Ball
1-0: Ball
2-0: Ball
3-0: Called Strike
3-1: Fielders Choice at 2nd, 6-4 (Groundball, 6, EV 100.0 MPH)
Top of the 2nd over - 1 run, 3 hits, 0 errors, 2 left on base; Watford City 1 - Greenport 0
BOTTOM OF THE 2ND
Greenport Harbor Whales batting - Pitching for Watford City Trash Pandas : RHP Juan González
Batting: RHB Matt Fuller 0-0: Ball
1-0: Foul Ball, location: 2F
1-1: Fly out, F7 (Flyball, 7, EV 86.9 MPH)
Batting: LHB Fabian Ekkel 0-0: Ball
1-0: Called Strike
1-1: Ball
2-1: Ball
3-1: Swinging Strike
3-2: Foul Ball, location: 2F
3-2: Base on Balls
Batting: RHB Jeffrey Lewis 0-0: Called Strike
0-1: SINGLE (Line Drive, 89S, EV 100.6 MPH)
Fabian Ekkel to second
Batting: RHB Andrew Rijerkerk 0-0: Called Strike
0-1: Fly out, F8 (Flyball, 89D, EV 91.2 MPH)
Runner from 2nd tags up, SAFE at 3rd, no throw by CF
Batting: RHB Mariano Cabral 0-0: Hit by Pitch
Jeffrey Lewis to second
Batting: RHB Vicente Mendoza 0-0: Ball
1-0: Ball
2-0: Called Strike
2-1: Fly out, F9 (Flyball, 9, EV 92.5 MPH)
Bottom of the 2nd over - 0 runs, 1 hit, 0 errors, 3 left on base; Watford City 1 - Greenport 0
TOP OF THE 3RD
Watford City Trash Pandas batting - Pitching for Greenport Harbor Whales : LHP Ed Emery
Batting: LHB Manuel Alea 0-0: Called Strike
0-1: Called Strike
0-2: Ball
1-2: Ball
2-2: Ball
3-2: Base on Balls
Batting: RHB Sung-jae Nam 0-0: Called Strike
0-1: Ground out 5-3 (Groundball, 56S, EV 63.8 MPH)
Manuel Alea to second
Batting: RHB Yasuhiko Goto 0-0: Called Strike
0-1: Ball
1-1: Foul Ball, location: 2F
1-2: Foul Ball, location: 2F
1-2: Foul Ball, location: 2F
1-2: Ball
2-2: Ball
3-2: SINGLE (Groundball, 4MS, EV 85.6 MPH) (infield hit)
Manuel Alea to third
Batting: RHB Zier Weeteling 0-0: Called Strike
0-1: Ball
1-1: Called Strike
1-2: Foul Ball, location: 2F
1-2: Ball
2-2: Fly out, F7 (Flyball, 7LD, EV 105.6 MPH)
Runner from 3rd tags up, SCORES, no throw by LF
Batting: LHB Don Hartman 0-0: Ball
1-0: Ball
2-0: Ball
3-0: Base on Balls
Yasuhiko Goto to second
Batting: SHB Danny Adams 0-0: Called Strike
0-1: Called Strike
0-2: Strikes out swinging
Top of the 3rd over - 1 run, 1 hit, 0 errors, 2 left on base; Watford City 2 - Greenport 0
BOTTOM OF THE 3RD
Greenport Harbor Whales batting - Pitching for Watford City Trash Pandas : RHP Juan González
Batting: RHB Alex Thompson 0-0: Called Strike
0-1: Ball
1-1: Called Strike
1-2: Ball
2-2: Strikes out swinging
Batting: LHB Albert Hanson 0-0: DOUBLE (Groundball, 3L, EV 98.8 MPH)
Batting: LHB Rafael Rea 0-0: Ball
1-0: Ball
2-0: Called Strike
2-1: Foul Ball, location: 2F
2-2: Ball
3-2: Foul Ball, location: 2F
3-2: SINGLE (Groundball, 34D, EV 106.2 MPH)
Albert Hanson to third
Runner from 3rd tries for Home, SAFE, no throw by RF
Batting: RHB Matt Fuller 0-0: Called Strike
0-1: Foul Ball, location: 2F
0-2: Foul Ball, location: 2F
0-2: Ball
1-2: Ball
2-2: SINGLE (Line Drive, 78M, EV 93.1 MPH)
Rafael Rea to second
Batting: LHB Fabian Ekkel 0-0: Ball
1-0: Grounds into double play, 6-4-3 (Groundball, 6, EV 102.5 MPH)
Bottom of the 3rd over - 1 run, 3 hits, 0 errors, 1 left on base; Watford City 2 - Greenport 1
TOP OF THE 4TH
Watford City Trash Pandas batting - Pitching for Greenport Harbor Whales : LHP Ed Emery
Batting: LHB Francisco Gallardo 0-0: Ball
1-0: Foul Ball, location: 2F
1-1: Swinging Strike
1-2: Ground out 5-3 (Groundball, 56, EV 105.0 MPH)
Batting: RHB José Negrete 0-0: Fly out, F7 (Flyball, 7LMF, EV 89.4 MPH)
Batting: LHB Ed Cotton 0-0: Called Strike
0-1: Foul Ball, location: 2F
0-2: Strikes out swinging
Top of the 4th over - 0 runs, 0 hits, 0 errors, 0 left on base; Watford City 2 - Greenport 1
BOTTOM OF THE 4TH
Greenport Harbor Whales batting - Pitching for Watford City Trash Pandas : RHP Juan González
Batting: RHB Jeffrey Lewis 0-0: Ball
1-0: Ball
2-0: DOUBLE (Line Drive, 7LS, EV 102.5 MPH)
Batting: RHB Andrew Rijerkerk 0-0: Fly out, F6 (Popup, 6M, EV 71.2 MPH)
Batting: RHB Mariano Cabral 0-0: Ground out 4-3 (Groundball, 34, EV 103.1 MPH)
Jeffrey Lewis to third
Batting: RHB Vicente Mendoza 0-0: Called Strike
0-1: Foul Ball, location: 2F
0-2: Strikes out looking
Bottom of the 4th over - 0 runs, 1 hit, 0 errors, 1 left on base; Watford City 2 - Greenport 1
TOP OF THE 5TH
Watford City Trash Pandas batting - Pitching for Greenport Harbor Whales : LHP Ed Emery
Batting: LHB Manuel Alea 0-0: Ball
1-0: Called Strike
1-1: Ball
2-1: Ground out 2-3 (Groundball, 2L, EV 71.9 MPH)
Batting: RHB Sung-jae Nam 0-0: SINGLE (Line Drive, 78M, EV 106.2 MPH)
Batting: RHB Yasuhiko Goto 0-0: Foul Ball, location: 2F
0-1: Called Strike
0-2: Ball
1-2: Foul Ball, location: 2F
1-2: Foul Ball, location: 2F
1-2: Fly out, F8 (Flyball, 8LS, EV 90.0 MPH)
Batting: RHB Zier Weeteling 0-0: Foul Ball, location: 2F
0-1: Ball
1-1: Fielders Choice at 2nd, 6-4 (Groundball, 6, EV 85.0 MPH)
Top of the 5th over - 0 runs, 1 hit, 0 errors, 1 left on base; Watford City 2 - Greenport 1
BOTTOM OF THE 5TH
Greenport Harbor Whales batting - Pitching for Watford City Trash Pandas : RHP Juan González
Batting: RHB Alex Thompson 0-0: Ball
1-0: SINGLE (Groundball, 4M, EV 103.1 MPH) (infield hit)
Batting: LHB Albert Hanson 0-0: Ball
1-0: Foul Ball, location: 2F
1-1: Called Strike
1-2: Foul Ball, location: 2F
1-2: Grounds into double play, 1-6-3 (Groundball, 13, EV 85.0 MPH)
Batting: LHB Rafael Rea 0-0: Swinging Strike
0-1: Fly out, F4 (Line Drive, 4, EV 71.9 MPH)
Bottom of the 5th over - 0 runs, 1 hit, 0 errors, 0 left on base; Watford City 2 - Greenport 1
TOP OF THE 6TH
Watford City Trash Pandas batting - Pitching for Greenport Harbor Whales : LHP Ed Emery
Batting: LHB Don Hartman 0-0: Called Strike
0-1: Ball
1-1: Ball
2-1: Ball
3-1: Swinging Strike
3-2: Strikes out looking
Batting: SHB Danny Adams 0-0: Foul Ball, location: 2F
0-1: Swinging Strike
0-2: Ball
1-2: Ball
2-2: Ball
3-2: Foul Ball, location: 2F
3-2: Foul Ball, location: 2F
3-2: Base on Balls
Pitching: RHP Arthur Rix
Batting: LHB Francisco Gallardo 0-0: Swinging Strike
0-1: Swinging Strike
0-2: Ball
1-2: Strikes out swinging
Batting: RHB José Negrete 0-0: Ball
1-0: Fly out, F7 (Flyball, 7LM, EV 99.4 MPH)
Top of the 6th over - 0 runs, 0 hits, 0 errors, 1 left on base; Watford City 2 - Greenport 1
BOTTOM OF THE 6TH
Greenport Harbor Whales batting - Pitching for Watford City Trash Pandas : RHP Juan González
Batting: RHB Matt Fuller 0-0: Ball
1-0: Foul Ball, location: 2F
1-1: Fly out, F3 (Popup, 34, EV 81.2 MPH)
Batting: LHB Fabian Ekkel 0-0: Ball
1-0: Ball
2-0: Called Strike
2-1: SINGLE (Groundball, 4, EV 98.1 MPH) (infield hit)
Pitching: RHP Wing-chiu Che
Batting: RHB Jeffrey Lewis 0-0: Ball
1-0: SINGLE (Groundball, 6MD, EV 96.9 MPH)
Fabian Ekkel to second
Batting: RHB Andrew Rijerkerk 0-0: Ball
1-0: Swinging Strike
1-1: Called Strike
1-2: Ball
2-2: Strikes out swinging
Batting: RHB Mariano Cabral 0-0: Fielders Choice at 2nd, 5-4 (Groundball, 56, EV 84.4 MPH)
Bottom of the 6th over - 0 runs, 2 hits, 0 errors, 2 left on base; Watford City 2 - Greenport 1
TOP OF THE 7TH
Watford City Trash Pandas batting - Pitching for Greenport Harbor Whales : RHP Arthur Rix
Batting: LHB Ed Cotton 0-0: Called Strike
0-1: Ball
1-1: Ball
2-1: Swinging Strike
2-2: Ball
3-2: Foul Ball, location: 2F
3-2: SINGLE (Groundball, 34S, EV 68.8 MPH) (infield hit)
Batting: LHB Manuel Alea 0-0: Bunted foul
0-1: Sac Bunt to 5S - play at first, batter OUT! 5-4
Ed Cotton to second
Batting: RHB Sung-jae Nam 0-0: Called Strike
Ed Cotton steals 3rd base
0-1: SINGLE (Groundball, 6, EV 100.0 MPH) (infield hit)
Ed Cotton scores
Batting: RHB Yasuhiko Goto 0-0: Ball
1-0: Ball
2-0: Foul Ball, location: 2F
2-1: Ball
3-1: Swinging Strike
3-2: Base on Balls
Sung-jae Nam to second
Batting: RHB Zier Weeteling 0-0: Foul Ball, location: 2F
0-1: Foul Ball, location: 2F
0-2: Foul Ball, location: 2F
0-2: DOUBLE (Line Drive, 78M, EV 108.1 MPH)
Sung-jae Nam scores
Yasuhiko Goto to third
Batting: LHB Don Hartman 0-0: Ball
1-0: Foul Ball, location: 2F
1-1: Ball
2-1: Foul Ball, location: 2F
2-2: Ball
3-2: Strikes out swinging
Batting: SHB Danny Adams 0-0: Foul Ball, location: 2F
0-1: Ball
1-1: Foul Ball, location: 2F
1-2: Strikes out looking
Top of the 7th over - 2 runs, 3 hits, 0 errors, 2 left on base; Watford City 4 - Greenport 1
BOTTOM OF THE 7TH
Greenport Harbor Whales batting - Pitching for Watford City Trash Pandas : RHP Wing-chiu Che
Now at 2B: Pim Oskamp
Now at SS: José López
Batting: RHB Vicente Mendoza 0-0: Fly out, F8 (Flyball, 8RXD, EV 90.0 MPH)
Batting: RHB Alex Thompson 0-0: Ball
1-0: Ground out 1-3 (Groundball, 15S, EV 66.2 MPH)
Batting: LHB Albert Hanson 0-0: Foul Ball, location: 2F
0-1: Ball
1-1: Swinging Strike
1-2: Foul Ball, location: 2F
1-2: Ball
2-2: Ground out 1-3 (Groundball, P, EV 85.0 MPH)
Bottom of the 7th over - 0 runs, 0 hits, 0 errors, 0 left on base; Watford City 4 - Greenport 1
TOP OF THE 8TH
Watford City Trash Pandas batting - Pitching for Greenport Harbor Whales : RHP Arthur Rix
Batting: LHB Francisco Gallardo 0-0: Ball
1-0: Called Strike
1-1: Ball
2-1: Foul Ball, location: 2F
2-2: Ball
3-2: Foul Ball, location: 2F
3-2: Foul Ball, location: 2F
3-2: Foul Ball, location: 2F
3-2: Base on Balls
Pitching: RHP Eduardo Pérez
Batting: RHB José Negrete 0-0: Bunted foul
0-1: Sac Bunt to P - play at first, batter OUT! 1-4
Francisco Gallardo to second
Batting: LHB Ed Cotton 0-0: Called Strike
0-1: Ground out U3 (Groundball, 34, EV 81.9 MPH)
Francisco Gallardo to third
Batting: LHB Manuel Alea 0-0: Called Strike
0-1: Called Strike
0-2: Ball
1-2: Foul Ball, location: 2F
1-2: Strikes out swinging wild pitch, reaches first!
Francisco Gallardo scores
Batting: SHB José López 0-0: Foul Ball, location: 2F
0-1: Ball
1-1: Swinging Strike
1-2: Fielders Choice at 2nd, 5-4 (Groundball, 56, EV 95.6 MPH)
Top of the 8th over - 1 run, 0 hits, 0 errors, 1 left on base; Watford City 5 - Greenport 1
BOTTOM OF THE 8TH
Greenport Harbor Whales batting - Pitching for Watford City Trash Pandas : RHP Wing-chiu Che
Batting: LHB Rafael Rea 0-0: Foul Ball, location: 2F
0-1: SINGLE (Groundball, 5L, EV 98.1 MPH)
Batting: RHB Matt Fuller 0-0: Ball
1-0: Foul Ball, location: 2F
1-1: Foul Ball, location: 2F
1-2: Strikes out swinging
Batting: LHB Fabian Ekkel 0-0: Ball
1-0: Fly out, F7 (Flyball, 7D, EV 100.6 MPH)
Batting: RHB Jeffrey Lewis 0-0: Called Strike
0-1: Reached on error, E9 (Flyball, 9, EV 88.1 MPH)
Rafael Rea to third
Batting: RHB Andrew Rijerkerk 0-0: Called Strike
0-1: Ball
1-1: Ball
Wild Pitch!
Rafael Rea scores
Jeffrey Lewis to third
2-1: Reached on error, E3 (Groundball, 34, EV 81.9 MPH)
Jeffrey Lewis scores
Pitching: RHP Iván Molina
Batting: RHB Mariano Cabral 0-0: Ball
1-0: Foul Ball, location: 2F
1-1: Called Strike
1-2: Foul Ball, location: 2F
1-2: Strikes out looking
Bottom of the 8th over - 2 runs, 1 hit, 2 errors, 1 left on base; Watford City 5 - Greenport 3
TOP OF THE 9TH
Watford City Trash Pandas batting - Pitching for Greenport Harbor Whales : RHP Eduardo Pérez
Batting: RHB Yasuhiko Goto 0-0: Ball
1-0: Foul Ball, location: 2F
1-1: Ball
2-1: Ball
3-1: Called Strike
3-2: Fly out, F7 (Flyball, 78S, EV 76.2 MPH)
Batting: RHB Pim Oskamp 0-0: Called Strike
0-1: Ball
1-1: Foul Ball, location: 2F
1-2: Foul Ball, location: 2F
1-2: Ball
2-2: Foul Ball, location: 2F
2-2: Fly out, F8 (Flyball, 8RS, EV 86.9 MPH)
Batting: LHB Don Hartman 0-0: Ball
1-0: Called Strike
1-1: Ball
2-1: Ball
3-1: Swinging Strike
3-2: Base on Balls
Batting: SHB Danny Adams 0-0: Ball
Don Hartman is caught stealing 2nd base 2-6
Top of the 9th over - 0 runs, 0 hits, 0 errors, 0 left on base; Watford City 5 - Greenport 3
BOTTOM OF THE 9TH
Greenport Harbor Whales batting - Pitching for Watford City Trash Pandas : RHP Iván Molina
Pitching: RHP Ánibal Fernández
Batting: RHB Vicente Mendoza 0-0: Foul Ball, location: 2F
0-1: Foul Ball, location: 2F
0-2: Ball
1-2: Ball
2-2: Strikes out swinging
Batting: RHB Alex Thompson 0-0: Called Strike
0-1: Foul Ball, location: 2F
0-2: Ball
1-2: Foul Ball, location: 2F
1-2: Ball
2-2: Ground out 1-3 (Groundball, 13S, EV 75.6 MPH)
Batting: LHB Albert Hanson 0-0: Reached on error, E3 (Groundball, 34, EV 101.9 MPH)
Batting: LHB Rafael Rea 0-0: Called Strike
0-1: Ball
1-1: Ball
2-1: Ball
3-1: Called Strike
3-2: Base on Balls
Batting: RHB Matt Fuller 0-0: Called Strike
0-1: Swinging Strike
0-2: Ball
1-2: Ball
2-2: Foul Ball, location: 2F
2-2: Strikes out swinging
Bottom of the 9th over - 0 runs, 0 hits, 1 error, 2 left on base; Watford City 5 - Greenport 3
Friday, March 26th, 2021 - OOTP Baseball 20.8 Build 74